 Dungeon Crawl Stone Soup version 0.28.0-43-g3370ac3207 (webtiles) character file.

Game seed: 10736231823494616055

16620 fknight the Spear-Bearer (level 12, -17/97 HPs)
             Began as a Gnoll Berserker on Mar 14, 2022.
             Was an Elder of Trog.
             Demolished by an orc knight
             ... wielding a +3 great sword
              (21 damage)
             ... on level 1 of the Orcish Mines.
             The game lasted 00:52:45 (12580 turns).

fknight the Spear-Bearer (Gnoll Berserker)         Turns: 12580, Time: 00:52:45

Health: -17/97     AC: 16    Str: 20    XL:     12   Next: 39%
Magic:  22/22      EV:  8    Int:  6    God:    Trog [****..]
Gold:   944        SH: 15    Dex: 14    Spells: 25/25 levels left

rFire   . . .      SeeInvis .   C - +3 trident (flame)
rCold   + . .      Faith    .   H - +0 kite shield
rNeg    . . .      Spirit   .   d - +0 plate armour
rPois   .          Reflect  +   (no helmet)
rElec   +          Harm     .   N - +1 cloak
rCorr   .          Rampage  .   (no gloves)
Will    +....                   (no boots)
Stlth   ..........              I - amulet of reflection
HPRegen 0.26/turn               p - ring "Qujyceut" {rElec Will+}
MPRegen 0.18/turn               w - ring of protection from cold

@: mighty, on berserk cooldown, slowed, studying Polearms, very slow
A: fangs 1, strong nose, distributed training
a: Renounce Religion, Berserk, Trog's Hand, Brothers in Arms


You were on level 1 of the Orcish Mines.
You worshipped Trog.
Trog was greatly pleased with you.
You visited 2 branches of the dungeon, and saw 11 of its levels.

You collected 1199 gold pieces.
You spent 255 gold pieces at shops.

Inventory:

Hand Weapons
 j - a +1 spear of freezing
 k - a +1 halberd of protection
 v - a +2 whip of venom
 B - a +0 hunting sling
 C - a +3 trident of flaming (weapon)
 E - the +10 whip "Wughoenu" {vamp, Dex+2}
   (You took it off a deep elf pyromancer on level 10 of the Dungeon)

   It occasionally heals its wielder for a portion of the damage dealt when it
   wounds a living foe.
   Dex:       It affects your dexterity (+2).
 G - a +2 hand axe of flaming
 J - the +11 falchion of Certain Death {protect, rF+ Str+3}
   (You found it on level 6 of the Dungeon)

   It grants its wielder temporary protection when it strikes (+7 to AC).
   Str:       It affects your strength (+3).
   rF:        It protects you from fire.
 P - a +5 dagger of holy wrath
 U - a +3 spear
 W - a +4 halberd of venom
Missiles
 c - 512 stones
 g - 69 sling bullets
 q - 5 atropa-tipped darts
 s - 4 boomerangs of dispersal
 u - 13 boomerangs
 y - 22 poisoned darts (quivered)
 F - 7 curare-tipped darts
 Q - 6 throwing nets
Armour
 d - a +0 plate armour (worn)
 f - +0 steam dragon scales
 H - a +0 kite shield (worn)
 L - a +0 troll leather armour
 N - a +1 cloak (worn)
 S - a +2 robe of cold resistance
Jewellery
 i - an amulet of guardian spirit
 o - a ring of positive energy
 p - the ring "Qujyceut" (left hand) {rElec Will+}
   (You found it on level 5 of the Dungeon)

   [ring of willpower]

   rElec:     It insulates you from electricity.
   Will:      It increases your willpower.
 w - a ring of protection from cold (right hand)
 D - an amulet of regeneration
 I - an amulet of reflection (around neck)
 K - an amulet of faith
 Y - the ring "Lamut" {+Blink rPois rCorr}
   (You acquired it on level 9 of the Dungeon)

   [ring of resist corrosion]

   rPois:     It protects you from poison.
   +Blink:    It lets you blink.
   rCorr:     It protects you from acid and corrosion.
Wands
 b - a wand of charming (12)
 e - a wand of polymorph (5)
 R - a wand of iceblast (8)
Scrolls
 l - a scroll of blinking
 m - a scroll of torment
 r - 2 scrolls of teleportation
 t - 3 scrolls of fear
 z - a scroll of fog {unknown}
 M - a scroll of immolation {unknown}
Potions
 a - a potion of heal wounds
 h - 3 potions of flight
 x - a potion of curing
 A - 3 potions of cancellation
 O - a potion of haste
 X - a potion of resistance


   Skills:
 + Level 9.8 Fighting
 + Level 7.2 Short Blades
 + Level 7.2 Long Blades
 + Level 7.2 Axes
 + Level 7.2 Maces & Flails
 + Level 10.8 Polearms
 + Level 7.2 Staves
 + Level 7.2 Slings
 + Level 7.2 Bows
 + Level 7.2 Crossbows
 + Level 7.2 Throwing
 + Level 8.6 Armour
 + Level 8.6 Dodging
 + Level 7.2 Stealth
 + Level 7.2 Shields
 + Level 7.2 Unarmed Combat
 + Level 7.2 Spellcasting
 + Level 6.0 Conjurations
 + Level 6.0 Hexes
 + Level 6.0 Summonings
 + Level 6.0 Necromancy
 + Level 6.0 Translocations
 + Level 6.0 Transmutations
 + Level 6.0 Fire Magic
 + Level 6.0 Ice Magic
 + Level 6.0 Air Magic
 + Level 6.0 Earth Magic
 + Level 6.0 Poison Magic
 + Level 7.9 Invocations
 + Level 7.2 Evocations


You had 25 spell levels left.
You didn't know any spells.
Your spell library was empty.

Dungeon Overview and Level Annotations

Branches:
Dungeon (10/15)            Temple (0/1) D:6             Orc (1/2) D:9
   Lair: D:8-11

Altars:
Fedhas
Hepliaklqana
Kikubaaqudgha
Ru
Uskayaw
Wu Jian
Xom
Yredelemnul
The Shining One
Beogh

Shops:
D:2 (*   D:8 *

Annotations:
D:10 2 transporters, Esekla's ghost, novice FoBr


Innate Abilities, Weirdness & Mutations

You have very sharp teeth.
Your uncanny sense of smell can sniff out nearby items.
Your experience applies equally to all skills.


Message History

The troll claws you but does no damage.
The orc warrior hits you from afar with a +0 trident!
You block the orc knight's attack.
You hit the orc knight. You burn the orc knight.
The orc knight is moderately wounded.
You puncture the orc knight! You burn the orc knight.
The orc knight is severely wounded.
The orc warrior hits you from afar with a +0 trident of protection!
The orc knight hits you with a +0 battleaxe!!
The troll barely misses you. x2; The troll claws you but does no damage.
You block the orc knight's attack. You block the orc warrior's attack.
You closely miss the orc knight.
The orc knight is severely wounded.
Your skin stops crawling.
You feel less strong-willed.
You hit the orc knight but do no damage.
The orc knight is severely wounded.
The orc warrior hits you from afar with a +0 trident of protection.
The orc knight hits you with a +3 great sword!!!
* * * LOW HITPOINT WARNING * * *
You block the orc warrior's attack. The troll bites you.
* * * LOW HITPOINT WARNING * * *
The troll claws you but does no damage. x2; The orc knight closely misses you.
You are too berserk!
You closely miss the orc knight.
The orc knight is severely wounded.
You barely miss the orc knight.
The orc knight is severely wounded.
You are no longer berserk.
You are exhausted.
You feel yourself slow down. You block the orc warrior's attack.
You block the orc knight's attack. The orc warrior closely misses you.
The orc knight hits you with a +0 battleaxe.
* * * LOW HITPOINT WARNING * * *
The troll bites you!
* * * LOW HITPOINT WARNING * * *
You block the troll's attack. The troll claws you.
* * * LOW HITPOINT WARNING * * *
You fail to use your ability.
You block the orc warrior's attack.
The orc knight hits you with a +3 great sword!!
You die...

### # ### #.## ###.##
#######..## .#...##
#.oooo#o..# ..#.#.##
#oooToT@..##
.......###ooooo#o...##
......##.#.ooo #.....#
.....#...#_.o #....##
.........#######.....#
.......##........#...#
.......###.#.##.#.......
........####.#..........
.#...#...# .....#....#.#


You could see 3 orc knights, 2 trolls, 3 orc warriors and 13 orcs.

Vanquished Creatures
  Josephine (D:10)
  A boulder beetle (D:9)
  Harold (D:7)
  3 two-headed ogres (D:9)
  Nergalle (Orc:1)
  Pikel (D:4)
  A deep elf pyromancer (D:10)
  A gargoyle (D:9)
  2 hornets
  2 trolls
  A wyvern (D:9)
  A shadow (D:9)
  25 yaks
  5 wraiths (D:10)
  4 steam dragons
  A warg (Orc:1)
  3 water moccasins
  3 ice beasts (D:9)
  4 orc warriors (Orc:1)
  3 necrophages
  2 ogres
  6 centaurs
  3 wolves (D:9)
  2 phantoms (D:6)
  A kobold brigand (D:10)
  Blork the orc (D:4)
  2 bullfrogs
  3 gnoll sergeants
  A water moccasin zombie (D:4)
  6 scorpions
  A water moccasin skeleton (D:4)
  5 killer bees (D:6)
  11 wights
  6 howler monkeys
  An electric eel (D:9)
  A centaur zombie (D:9)
  A bullfrog zombie (D:6)
  8 orc priests
  2 hounds
  2 gnoll shamans
  A centaur skeleton (D:6)
  Jessica (D:2)
  4 iguanas (D:6)
  8 orc wizards
  2 centaur simulacra (D:9)
  A hound zombie (D:4)
  2 hound skeletons (D:4)
  22 gnolls
  A howler monkey skeleton (D:5)
  7 adders
  A shadow imp (D:3)
  4 white imps
  3 ufetubi
  4 worms
  45 orcs
  4 ball pythons
  5 endoplasms
  2 giant cockroaches
  13 goblins
  6 hobgoblins
  A jackal (D:3)
  4 quokkas
  3 bats
  3 frilled lizards
  8 kobolds
  7 rats
291 creatures vanquished.

Notes
Turn   | Place    | Note
-------+----------+-------------------------------------------
     0 | D:1      | fknight the Gnoll Berserker began the quest for the Orb.
     0 | D:1      | Reached XP level 1. HP: 23/23 MP: 1/1
   172 | D:1      | You fall into a shaft and drop 1 floor!
   222 | D:2      | Reached XP level 2. HP: 29/29 MP: 2/2
   223 | D:2      | Reached XP level 3. HP: 35/35 MP: 3/3
   232 | D:2      | Reached skill level 1 in Invocations
   245 | D:2      | Reached skill level 1 in Short Blades
   245 | D:2      | Reached skill level 1 in Long Blades
   245 | D:2      | Reached skill level 1 in Axes
   245 | D:2      | Reached skill level 1 in Maces & Flails
   245 | D:2      | Reached skill level 1 in Staves
   245 | D:2      | Reached skill level 1 in Slings
   245 | D:2      | Reached skill level 1 in Bows
   245 | D:2      | Reached skill level 1 in Crossbows
   245 | D:2      | Reached skill level 1 in Throwing
   245 | D:2      | Reached skill level 1 in Stealth
   245 | D:2      | Reached skill level 1 in Shields
   245 | D:2      | Reached skill level 1 in Unarmed Combat
   245 | D:2      | Reached skill level 1 in Spellcasting
   245 | D:2      | Reached skill level 1 in Evocations
   245 | D:2      | Found Riopo's Assorted Antiques.
   586 | D:1      | Reached XP level 4. HP: 41/41 MP: 5/5
   817 | D:1      | Found a faded altar of an unknown god.
   921 | D:2      | Found Xeighuwuih's Weapon Emporium.
  1067 | D:2      | Reached ** piety under Trog
  1314 | D:2      | Reached skill level 1 in Conjurations
  1314 | D:2      | Reached skill level 1 in Hexes
  1314 | D:2      | Reached skill level 1 in Summonings
  1314 | D:2      | Reached skill level 1 in Necromancy
  1314 | D:2      | Reached skill level 1 in Translocations
  1314 | D:2      | Reached skill level 1 in Transmutations
  1314 | D:2      | Reached skill level 1 in Fire Magic
  1314 | D:2      | Reached skill level 1 in Ice Magic
  1314 | D:2      | Reached skill level 1 in Air Magic
  1314 | D:2      | Reached skill level 1 in Earth Magic
  1314 | D:2      | Reached skill level 1 in Poison Magic
  1544 | D:2      | Noticed Jessica
  1553 | D:2      | Killed Jessica
  1554 | D:2      | Reached XP level 5. HP: 38/47 MP: 5/7
  2177 | D:3      | Found a shimmering altar of Xom.
  2722 | D:4      | Reached XP level 6. HP: 50/53 MP: 8/8
  2797 | D:4      | Reached skill level 5 in Armour
  2797 | D:4      | Reached skill level 5 in Dodging
  3061 | D:4      | Reached XP level 7. HP: 55/59 MP: 10/10
  3183 | D:4      | Reached *** piety under Trog
  3254 | D:4      | Reached skill level 7 in Polearms
  3669 | D:4      | Noticed Pikel
  3681 | D:4      | Killed Pikel
  3682 | D:4      | Reached XP level 8. HP: 67/67 MP: 10/12
  3812 | D:4      | Noticed Blork the orc
  3824 | D:4      | Killed Blork the orc
  4170 | D:5      | Entered Level 5 of the Dungeon
  4175 | D:5      | Found a hazy altar of Hepliaklqana.
  4178 | D:5      | Found an ancient bone altar of Kikubaaqudgha.
  4229 | D:5      | Found a hide-covered altar of Uskayaw.
  4313 | D:5      | Found an ornate altar of the Wu Jian Council.
  4425 | D:5      | Identified the ring "Qujyceut" {rElec Will+}
  4684 | D:6      | Identified the +11 falchion of Certain Death {protect, rF+
                  | Str+3}
  4691 | D:6      | Found a staircase to the Ecumenical Temple.
  4988 | D:6      | Reached XP level 9. HP: 57/72 MP: 14/14
  5491 | D:6      | Noticed a troll
  5502 | D:6      | Killed a troll
  5509 | D:6      | Reached skill level 8 in Polearms
  5667 | D:6      | Reached skill level 5 in Invocations
  6078 | D:7      | Noticed Harold
  6094 | D:7      | Killed Harold
  6095 | D:7      | Reached skill level 5 in Short Blades
  6095 | D:7      | Reached skill level 5 in Long Blades
  6095 | D:7      | Reached skill level 5 in Axes
  6095 | D:7      | Reached skill level 5 in Maces & Flails
  6095 | D:7      | Reached skill level 5 in Staves
  6095 | D:7      | Reached skill level 5 in Slings
  6095 | D:7      | Reached skill level 5 in Bows
  6095 | D:7      | Reached skill level 5 in Crossbows
  6095 | D:7      | Reached skill level 5 in Throwing
  6095 | D:7      | Reached skill level 5 in Stealth
  6095 | D:7      | Reached skill level 5 in Shields
  6095 | D:7      | Reached skill level 5 in Unarmed Combat
  6095 | D:7      | Reached skill level 5 in Spellcasting
  6095 | D:7      | Reached skill level 5 in Evocations
  6095 | D:7      | Reached XP level 10. HP: 75/81 MP: 15/17
  6273 | D:7      | Reached **** piety under Trog
  6430 | D:7      | Found a glowing golden altar of the Shining One.
  6432 | D:7      | Noticed an angel
  6759 | D:7      | Found a basalt altar of Yredelemnul.
  6762 | D:7      | Noticed a profane servitor
  8143 | D:8      | Found Cuahiyj's Assorted Antiques.
  8148 | D:8      | Bought a runed cloak for 255 gold pieces
  8480 | D:9      | Identified 3 scrolls of acquirement
  8480 | D:9      | Acquired 377 gold pieces
  8484 | D:9      | Acquired the ring "Lamut" {+Blink rPois rCorr}
  8490 | D:9      | Acquired a manual of Polearms
  8507 | D:9      | Noticed a two-headed ogre
  8518 | D:9      | Killed a two-headed ogre
  8519 | D:9      | Reached skill level 9 in Polearms
  8519 | D:9      | Reached XP level 11. HP: 87/87 MP: 19/19
  8604 | D:9      | Noticed a two-headed ogre
  8628 | D:9      | Reached skill level 5 in Conjurations
  8628 | D:9      | Reached skill level 5 in Hexes
  8628 | D:9      | Reached skill level 5 in Summonings
  8628 | D:9      | Reached skill level 5 in Necromancy
  8628 | D:9      | Reached skill level 5 in Translocations
  8628 | D:9      | Reached skill level 5 in Transmutations
  8628 | D:9      | Reached skill level 5 in Fire Magic
  8628 | D:9      | Reached skill level 5 in Ice Magic
  8628 | D:9      | Reached skill level 5 in Air Magic
  8628 | D:9      | Reached skill level 5 in Earth Magic
  8628 | D:9      | Reached skill level 5 in Poison Magic
  8966 | D:9      | Killed a two-headed ogre
  9036 | D:9      | Paralysed by a hornet for 1 turns
  9083 | D:9      | Noticed a two-headed ogre
  9104 | D:9      | Killed a two-headed ogre
  9334 | D:9      | Found a blossoming altar of Fedhas.
  9644 | D:9      | Found a sacrificial altar of Ru.
  9644 | D:9      | Noticed a boulder beetle
  9680 | D:9      | Killed a boulder beetle
  9939 | D:9      | Found a staircase to the Orcish Mines.
  9957 | D:9      | Reached skill level 10 in Polearms
 10135 | D:10     | Entered Level 10 of the Dungeon
 10449 | D:10     | Noticed Josephine
 10458 | D:10     | Killed Josephine
 10459 | D:10     | Reached XP level 12. HP: 64/96 MP: 22/22
 10855 | D:10     | Paralysed by a hornet for 3 turns
 11096 | D:10     | Found a transporter.
 11099 | D:10     | Noticed Esekla's ghost (novice FoBr)
 11120 | D:10     | Found a transporter.
 11333 | D:10     | Identified the +10 whip "Wughoenu" {vamp, Dex+2}
 12006 | Orc:1    | Entered Level 1 of the Orcish Mines
 12230 | Orc:1    | Noticed Nergalle
 12240 | Orc:1    | Killed Nergalle
 12579 | Orc:1    | HP: 4/97 [troll (3)]
 12580 | Orc:1    | Demolished by an orc knight

Illustrated notes

Levels and vault maps discovered:
D:1:      minmay_arrival_four_loops, layout_rooms, ebering_ecumenical_altar_box
D:2:      layout_loops_cross, serial_shops, nicolae_shop_window_shopping, shop,
          uniq_jessica
D:3:      minmay_razor_zed, layout_basic, mainiacjoe_overflow_chevrons
D:4:      layout_basic, uniq_blork_the_orc, uniq_pikel
D:5:      layout_rooms, mainiacjoe_overflow_brackets,
          nicolae_overflow_crystal_walls, minitemple
D:6:      cheibrodos_barr_body, layout_basic, minmay_temple_entry_offerings
D:7:      layout_loops_cross, grunt_temple_overflow_holy_war, uniq_harold
D:8:      layout_basic, serial_shops, kennysheep_little_box
D:9:      kennysheep_ambush_hall, layout_basic, amcnicky_altar_gilded,
          mainiacjoe_overflow_catwalk, orc_0_dummy, enter_bailey_3, serial_ice,
          serial_ice_k, serial_ice_h, serial_ice_b, serial_ice_f, serial_ice_a,
          serial_ice_o, serial_ice_m
D:10:     layout_stronghold, gammafunk_ghost_hive, uniq_josephine
Orc:1:    layout_caves, special_room [special_room_orc], rock_pile,
          uniq_nergalle

Skill      XL: |  1  2  3  4  5  6  7  8  9 10 11 12 |
---------------+-------------------------------------+-----
Invocations    | 1 2 3 4 5 6 7 |  7.9
Short Blades   | 1 2 3 5 6 7 |  7.2
Long Blades    | 1 2 3 5 6 7 |  7.2
Axes           | 1 2 3 5 6 7 |  7.2
Maces & Flails | 1 2 3 5 6 7 |  7.2
Staves         | 1 2 3 5 6 7 |  7.2
Slings         | 1 2 3 5 6 7 |  7.2
Bows           | 1 2 3 5 6 7 |  7.2
Crossbows      | 1 2 3 5 6 7 |  7.2
Throwing       | 1 2 3 5 6 7 |  7.2
Stealth        | 1 2 3 5 6 7 |  7.2
Shields        | 1 2 3 5 6 7 |  7.2
Unarmed Combat | 1 2 3 5 6 7 |  7.2
Spellcasting   | 1 2 3 5 6 7 |  7.2
Evocations     | 1 2 3 5 6 7 |  7.2
Conjurations   | 1 2 3 4 5 6 |  6.0
Hexes          | 1 2 3 4 5 6 |  6.0
Summonings     | 1 2 3 4 5 6 |  6.0
Necromancy     | 1 2 3 4 5 6 |  6.0
Translocations | 1 2 3 4 5 6 |  6.0
Transmutations | 1 2 3 4 5 6 |  6.0
Fire Magic     | 1 2 3 4 5 6 |  6.0
Ice Magic      | 1 2 3 4 5 6 |  6.0
Air Magic      | 1 2 3 4 5 6 |  6.0
Earth Magic    | 1 2 3 4 5 6 |  6.0
Poison Magic   | 1 2 3 4 5 6 |  6.0
Armour         | 5 6 7 8 |  8.6
Dodging        | 5 6 7 8 |  8.6
Fighting       | 7 8 9 |  9.8
Polearms       | 7 8 9 10 | 10.8

Action                   |  1- 3 |  4- 6 |  7- 9 | 10-12 || total
-------------------------+-------+-------+-------+-------++-------
Melee: Spear             |    35 |       |       |       ||    35
       Bite              |     1 |    13 |    23 |    71 ||   108
       Halberd           |     6 |   144 |       |       ||   150
       Trident           |       |    48 |   253 |   601 ||   902
       Punch             |       |       |     4 |     2 ||     6
Throw: Stone             |       |       |     1 |     1 ||     2
       Dart              |       |       |       |    22 ||    22
Invok: Berserk           |     1 |       |     4 |    17 ||    22
       Trog's Hand       |       |       |     5 |     7 ||    12
  Use: Scroll            |       |       |     6 |    18 ||    24
       Potion            |       |       |       |     3 ||     3
 Stab: Sleeping          |     1 |     3 |       |       ||     4
Armor: Leather armour    |     7 |    17 |       |       ||    24
       Ring mail         |       |    60 |    10 |       ||    70
       Plate armour      |       |       |    60 |   192 ||   252
Dodge: Dodged            |    14 |   104 |    62 |   128 ||   308
Block: Other             |       |       |    30 |    16 ||    46
       Reflection        |       |       |     2 |     8 ||    10
       Kite shield       |       |       |       |   343 ||   343
